[Event "67th Mexican-ch Open 2022"]
[Site "Chihuahua"]
[Date "2022.04.17"]
[Round "8.13"]
[White "Silva Hernandez, Jose Luis"]
[Black "Diaz Rosas, Julio Cesar"]
[Result "0-1"]
[ECO "A45"]
[WhiteElo "2006"]
[BlackElo "2393"]
[Annotator "TA"]
[PlyCount "108"]
[EventDate "2022.04.12"]
[EventType "swiss"]
[EventCountry "MEX"]
[SourceTitle "playchess.com"]
[Source "ChessBase"]
[SourceQuality "1"]
[TimeControl "5400+30"]

1. d4 Nf6 2. Bg5 c5 3. d5 Ne4 4. Bf4 e6 5. c4 {[%emt 0:01:00] [#]} Bd6 $146 ({Predecessor:} 5... Qf6 6. e3 Qxb2 7. Ne2 Qxa1 {0-1 (7) Besa,M (1768)-Malicka,M (1907) Tornelo INT 2020}) 6. Bxd6 {[%emt 0:05:58] A45: Trompowsky Attack.} Nxd6 7. e3 O-O 8. Nf3 {[%emt 0:00:31] The position is equal.} Ne4 9. Bd3 Nf6 10. O-O exd5 11. cxd5 d6 12. h3 Nbd7 13. Nc3 Re8 14. Qc2 Nf8 15. Rfe1 Ng6 16. Bxg6 hxg6 17. Nd2 b5 (17... g5 $11) 18. Nxb5 $14 {[%emt 0:09:07] Black must now prevent Nc4.} Nxd5 19. Nc4 $1 Nb4 20. Qc3 Re6 21. Rad1 ({White should play} 21. a3 $1 $16 Nc6 22. Nbxd6) 21... d5 $36 {[%emt 0:00:45][%mdl 2048] ...Bd7 is the strong threat. Black has some pressure.} 22. e4 (22. a3 $11 {keeps the balance.} Nc6 23. Qc1) 22... Ba6 (22... Bd7 $17 23. Ncd6 Qb6) 23. a4 Bxb5 24. axb5 d4 25. Qg3 Qd7 26. e5 Qxb5 27. Nd6 Qc6 28. f4 Nd5 29. h4 ({Reject} 29. f5 gxf5 30. Nxf5 Rg6 $17) ({White should try} 29. Ne4 $15) 29... Ne3 $17 30. Rxe3 dxe3 31. Qxe3 Rd8 {[%emt 0:01:00][%cal Rd8d6] And now ...Rdxd6 would win.} 32. Qh3 Qa4 33. Qf3 Qc2 34. b3 Re7 (34... Rb8 $17 35. Rd3 Qc1+ 36. Kh2 Qe1) 35. Rd3 (35. Kh2 $1 $15) 35... Qc1+ (35... f6 $17 36. h5 gxh5 37. Qd5+ Kf8) 36. Kh2 Qe1 37. Kh3 (37. Qg4 $15) 37... Red7 38. Rd1 Qb4 39. Rd3 Qb8 (39... a5 $1 $17 40. g3 a4 41. bxa4 Qxa4) 40. Qd5 Qc7 41. Kg4 {[%emt 0:01:58] [#]} (41. Kh2 $15) 41... Re7 (41... Qb7 $142 $3 42. h5 Qxd5 43. Rxd5 gxh5+ 44. Kxh5 Rc7) 42. Rc3 Qd7+ 43. Kg3 Kh7 (43... a5 $15 {was preferrable.}) 44. Qd3 f6 45. h5 fxe5 46. hxg6+ {[%emt 0:00:07] [#]} Kg8 $1 (46... Kh8 $2 47. Qf3 (47. fxe5 Kg8 $16) 47... exf4+ 48. Kh2 $18) 47. Qd1 $2 {[%emt 0:02:13][%mdl 8192] Loses the game.} exf4+ $19 48. Kh2 Qxd6 49. Qh5 Re3 {[%emt 0:02:52] ( -> ...f3+)} 50. Qh7+ Kf8 51. Qh8+ Ke7 52. Qxg7+ {[%emt 0:00:09] Black mates.} Ke6 53. Qf7+ Ke5 54. Qxf4+ Kxf4 {[%emt 0:16:24] Weighted Error Value: White=0.55/Black=0.16 (very precise)} 0-1

[Event "67th Mexican-ch Open 2022"]
[Site "Chihuahua"]
[Date "2022.04.17"]
[Round "8.14"]
[White "Gongora Montes, Benjamin"]
[Black "Benitez Lozano, Javier"]
[Result "1-0"]
[ECO "E21"]
[WhiteElo "2157"]
[BlackElo "2309"]
[Annotator "TA"]
[PlyCount "51"]
[EventDate "2022.04.12"]
[EventType "swiss"]
[EventCountry "MEX"]
[SourceTitle "playchess.com"]
[Source "ChessBase"]
[SourceQuality "1"]
[TimeControl "5400+30"]

1. d4 Nf6 2. c4 e6 3. Nc3 Bb4 4. Qc2 b6 5. e3 Bb7 6. Nf3 Ne4 7. Bd2 Bxc3 8. Bxc3 O-O 9. Bd3 f5 10. O-O {[%emt 0:07:33] E21: Nimzo-Indian: 4 Nf3.} Nxc3 11. bxc3 Nc6 (11... Bxf3 $142 12. gxf3 Qh4) 12. e4 $11 {[%emt 0:00:39][%cal Re4f5] [#] The position is equal.} Ne7 $146 ({Predecessor:} 12... Qf6 13. e5 Qg6 14. Qd2 Nxe5 15. dxe5 Bxf3 16. g3 Qh5 17. Rfe1 f4 18. Be2 fxg3 19. fxg3 Bxe2 20. Rxe2 Rf7 21. Rae1 Raf8 22. Rg2 Qxe5 {0-1 (22) Pfeifers,G (1508)-Fuchs,K (1808) SVR 2009}) 13. a4 (13. d5 $14) 13... a5 (13... Ng6 $11) 14. d5 $14 fxe4 15. Bxe4 exd5 16. Bxh7+ Kh8 {[%emt 0:00:13][%cal Of8f3] Strongly threatening ...Rxf3!} 17. Ng5 {[%emt 0:05:47] aiming for Rae1. &Bianco is more active.} (17. Rfe1 $5 ) 17... Nf5 $1 18. f4 Qf6 {[%emt 0:00:34] [#]} (18... Ne3 19. Qd3 d4 20. cxd4 Rxf4 21. Bg8 $1 $18) 19. cxd5 ({Better is} 19. Rae1 $1 $16 ) 19... Ne3 ({Resist} 19... Bxd5 20. Qd3 Bb7 21. Rad1 $16 (21. Qxd7 Bc6 $14)) (19... g6 $1 $11) 20. Qd3 $40 {[%emt 0:00:34][%mdl 128] Black is in trouble.} Nxd5 {[%emt 0:01:31][%mdl 8192] A mistake that costs the game.} (20... Nxf1 $16 21. Rxf1 Qh6) 21. Be4 $18 ({Worse is} 21. Bg8 Qf5 22. Qxf5 Rxf5 23. Bxd5 Rxd5 $15) 21... Qxc3 22. Qxc3 Nxc3 23. Bxb7 Rab8 24. Ba6 d5 (24... Rbe8 $142 25. Rf3 Ne2+ 26. Bxe2 Rxe2) 25. Rf3 d4 26. Rh3+ {[%emt 0:00:09] Weighted Error Value: White=0.12 (very precise) /Black=0.95} 1-0

[Event "67th Mexican-ch Open 2022"]
[Site "Chihuahua"]
[Date "2022.04.17"]
[Round "8.15"]
[White "Hernandez Guerrero, Eduardo"]
[Black "Hernandez Jimenez, Alexander Andres"]
[Result "1-0"]
[ECO "C84"]
[WhiteElo "2232"]
[BlackElo "2167"]
[Annotator "TA"]
[PlyCount "47"]
[EventDate "2022.04.12"]
[EventType "swiss"]
[EventCountry "MEX"]
[SourceTitle "playchess.com"]
[Source "ChessBase"]
[SourceQuality "1"]
[TimeControl "5400+30"]

1. e4 e5 2. Nf3 Nc6 3. Bb5 a6 4. Ba4 Nf6 5. O-O b5 6. Bb3 Be7 7. d3 d6 8. c3 O-O 9. a4 {[%emt 0:01:25] 9.h3 is setting a new trend. C84: Closed Ruy Lopez: Unusual White 6th moves.} b4 10. a5 bxc3 11. bxc3 {[%emt 0:00:52] White has an edge.} h6 12. Nbd2 Rb8 13. Re1 Be6 14. Nc4 Nd7 {[%emt 0:08:37] [#]} 15. Ba2 $146 ({Predecessor:} 15. Ba4 Na7 16. Be3 Nb5 17. Qc2 f5 18. exf5 Bxf5 19. Ncd2 c5 20. Bb3+ Kh7 21. Ne4 {1-0 (44) Shirov,A (2726)-Almasi,Z (2650) Mallorca 2004}) 15... Bf6 16. h3 d5 17. Ne3 dxe4 18. dxe4 Bxa2 19. Rxa2 {[%emt 0:00:58] Strongly threatening Rd2.} Qc8 20. Nd5 Be7 $2 {[%emt 0:04:44][%mdl 8192] [#] A mistake that costs the game.} (20... Re8 $14) 21. Qa4 $1 $18 Rb5 {[%emt 0:00:01] [#]} 22. c4 $1 Nc5 (22... Rxd5 $142 23. exd5 Nb4) 23. Nxe7+ Nxe7 24. Qa3 {[%emt 0:00:09] Weighted Error Value: White=0.05 (flawless) /Black=0.65} 1-0

[Event "67th Mexican-ch Open 2022"]
[Site "Chihuahua"]
[Date "2022.04.17"]
[Round "8.16"]
[White "Montes Orozco, Miguel Angel"]
[Black "Lopez Raygoza, Luis Alberto"]
[Result "1/2-1/2"]
[ECO "D20"]
[WhiteElo "1914"]
[BlackElo "2207"]
[Annotator "TA"]
[PlyCount "54"]
[EventDate "2022.04.12"]
[EventType "swiss"]
[EventCountry "MEX"]
[SourceTitle "playchess.com"]
[Source "ChessBase"]
[SourceQuality "1"]
[TimeControl "5400+30"]

1. d4 d5 2. c4 dxc4 3. e3 e5 4. Bxc4 exd4 5. exd4 Nf6 6. Nf3 Bd6 7. O-O O-O 8. Nc3 Bg4 9. h3 Bh5 10. g4 {[%emt 0:01:55] D20: Queen's Gambit Accepted: 3 e3 and 3 e4.} Bg6 11. Bg5 ({White should try} 11. Ne5 $16) 11... Nbd7 $11 12. Re1 {[%emt 0:07:04] The position is equal.} Re8 {[%emt 0:09:35] [#] Against Ne5} (12... c6 $11 {keeps the balance.}) 13. Qb3 $146 ({Predecessor:} 13. Qd2 c6 14. Rxe8+ Qxe8 15. Re1 Qf8 16. Ne5 Nb6 17. Bb3 Nfd5 18. f4 f6 19. f5 {0-1 (44) Williams,S (2411)-Brynell,S (2458) Oslo 2004}) 13... Nb6 14. Bf1 (14. Ne5 $5 Nxc4 15. Nxc4 $14) 14... Be7 15. Bg2 (15. Ne5 $5 ) 15... Rb8 (15... c6 $11) 16. Ne5 Qxd4 {[%emt 0:04:46] [#] White must now prevent ...Bc5.} 17. Nb5 Qb4 18. Nxc7 Rec8 19. Nxg6 {[%emt 0:05:28] 0x0.00299f40aea5dp-1022s more active pieces.} hxg6 20. Bf4 Qxf4 $11 21. Rxe7 Nxg4 22. hxg4 {[%emt 0:02:56] [#] Threatens to win with Nd5.} Rxc7 23. Rae1 Rf8 24. Bxb7 (24. Rxc7 $11 {feels stronger.} Qxc7 25. Bf3) 24... Qxg4+ $15 25. Qg3 Qxg3+ (25... Rxe7 $17 26. Rxe7 Qb4) 26. fxg3 Rc2 27. R7e2 Rc7 {[%emt 0:02:38] Weighted Error Value: White=0.24 (precise) /Black=0.21 (precise)} (27... Rc5 $15) 1/2-1/2

[Event "67th Mexican-ch Open 2022"]
[Site "Chihuahua"]
[Date "2022.04.17"]
[Round "8.17"]
[White "Quiroga Jaquez, Angel Ivan"]
[Black "Rascon Vega, Alfonso"]
[Result "0-1"]
[ECO "A49"]
[WhiteElo "2185"]
[BlackElo "2107"]
[Annotator "TA"]
[PlyCount "64"]
[EventDate "2022.04.12"]
[EventType "swiss"]
[EventCountry "MEX"]
[SourceTitle "playchess.com"]
[Source "ChessBase"]
[SourceQuality "1"]
[TimeControl "5400+30"]

1. Nf3 g6 2. d4 Bg7 3. g3 Nf6 4. Bg2 O-O 5. O-O d6 6. b3 c6 7. Bb2 Qa5 {[%emt 0:00:27] Recently 7...Bf5 got a lot of attention.} 8. h3 Qh5 {[%emt 0:02:12] A49: 1 d4 Nf6 2 Nf3 g6 3 g3: Anti-King's Indian systems.} 9. g4 Qa5 {[%emt 0:00:05] has lost popularity (9...Bxg4).} 10. Nbd2 Nbd7 {[%emt 0:09:32] The position is equal.} 11. e4 h5 {[%emt 0:00:59] [#]} 12. e5 $146 {[%emt 0:10:16] Strongly threatening Nc4.} ({Predecessor:} 12. g5 Nh7 13. Nc4 Qc7 14. a4 a5 15. Qd2 Rd8 16. Nh4 d5 17. exd5 cxd5 18. Bxd5 {1-0 (29) Shengelia,D (2572)-Boraso,A (2232) Vienna 2015}) 12... dxe5 13. dxe5 {[%emt 0:00:14] Hoping for Nc4.} Nd5 14. Nc4 (14. gxh5 {is more complex.} Nf4 15. Nc4 Qc7 16. e6) 14... Qc7 15. Qd4 {[%emt 0:09:26] And now gxh5 would win.} (15. gxh5 {is interesting.} Nf4 16. Qd2 Bh6 17. Kh1) 15... hxg4 16. hxg4 Rd8 17. Ne3 Nf8 18. Nxd5 cxd5 19. Ne1 (19. Rfe1 $11 {deserves consideration.}) 19... Ne6 $15 20. Qd2 (20. Qc3 $15) 20... Bxe5 $17 21. Bxe5 Qxe5 22. Nd3 Qg5 (22... Qd4 $17 23. Rae1 Qxg4) 23. Qd1 ({Better is} 23. Qxg5 $15 Nxg5 24. Rfe1) 23... Nf4 {[%emt 0:03:07] &Nero is more active.} 24. Nxf4 Qxf4 25. f3 e5 26. Qe2 Qd4+ 27. Kh2 (27. Qf2 $17) 27... Kg7 $36 {[%emt 0:00:20][%mdl 2048] ...Rh8+ is the strong threat. Black has strong initiative.} 28. Rae1 Rh8+ 29. Bh3 $2 (29. Kg3 {was the only defense.}) 29... Qf4+ $19 30. Kg2 Rxh3 31. Kxh3 {[%emt 0:00:15] [#]} (31. Qxe5+ $142 Qxe5 32. Rxe5) 31... Bxg4+ $1 32. Kg2 {[%emt 0:00:19] [#]} Bh3+ $1 {[%emt 1:01:18][%mdl 512] Weighted Error Value: White=0.53/Black=0.11 (very precise)} 0-1

[Event "67th Mexican-ch Open 2022"]
[Site "Chihuahua"]
[Date "2022.04.17"]
[Round "8.18"]
[White "Guerrero Cataldo, Juan Andres"]
[Black "Luna Javier, Edgar Froylan"]
[Result "1/2-1/2"]
[ECO "B22"]
[WhiteElo "1976"]
[BlackElo "2148"]
[Annotator "TA"]
[PlyCount "104"]
[EventDate "2022.04.12"]
[EventType "swiss"]
[EventCountry "MEX"]
[SourceTitle "playchess.com"]
[Source "ChessBase"]
[SourceQuality "1"]
[TimeControl "5400+30"]

1. e4 c5 2. c3 d5 3. exd5 Qxd5 4. d4 Nc6 5. Nf3 Bf5 6. Be2 {[%emt 0:00:00] B22: Sicilian: 2 c3.} cxd4 7. cxd4 Bxb1 8. Rxb1 {[%emt 0:00:00] Threatening b4.} Qxa2 9. Be3 Nf6 $2 (9... e6 $1 $11) 10. O-O $2 (10. Ne5 $1 $18 Qa5+ 11. b4) 10... e6 $11 11. Bb5 {[%emt 0:00:00] [#]} Bd6 $146 ({Predecessor:} 11... Qd5 12. Qa4 a6 13. Bc4 Qd7 14. Qa2 Bd6 15. Rfd1 Nb4 16. Qb3 b5 17. Be2 Nbd5 {0-1 (30) Sanchez Alarcon,J (2181)-Aliakbarov,A (2263) Chess.com INT 2019}) 12. Ne5 {[%emt 0:00:00] Threatens to win with Nc4.} Bxe5 (12... Qd5 $15 13. Qa4 a6 14. Bxc6+ bxc6) 13. dxe5 $14 Nd5 14. Bc5 a6 $2 (14... Qa5 $16 15. Qb3 Qc7) 15. Bxc6+ (15. Ba4 $1 $18) 15... bxc6 $16 16. Qd4 Qb3 17. Ba3 {[%emt 0:00:00][%mdl 1024] White has strong compensation.} Qb6 18. Qg4 g6 19. Rbc1 {[%emt 0:00:00] Prevents c5.} Rc8 20. Rfd1 {[%emt 0:00:00][%cal Od1d5] Black must now prevent Rxd5!} h5 21. Qh3 (21. Qa4 $16) 21... Rc7 (21... Nb4 $11) 22. Bd6 Rd7 23. Qd3 Ne7 24. Qa3 $1 Qb7 25. Bc5 $1 {[%emt 0:00:00] &Bianco is much more active.} Rd5 26. Rxd5 ({Reject} 26. Bxe7 Rxd1+ 27. Rxd1 Qxe7 $11) (26. h3 $1 $16) 26... Nxd5 $11 27. Bd6 Kd7 28. Qf3 f6 29. b4 Qb5 $2 (29... f5 $11) 30. Qg3 $1 $18 {[%emt 0:00:00] Strongly threatening exf6.} g5 31. exf6 (31. h4 $16 Nf4 32. Qe3) 31... Nxf6 $2 {[%emt 0:00:02][%mdl 8192] [#]} ({Black should try} 31... h4 $1 $14 32. Qe5 Nf4) 32. Bc5 $1 Nd5 33. Qd6+ Kc8 34. Qxe6+ Kb7 35. Bd6 (35. Qd7+ $142 Nc7 36. Bd6) 35... Qb6 $2 (35... Rd8 {might work better.} 36. Qf7+ Ka8) 36. Qd7+ Nc7 37. Qg7 Rd8 38. Bc5 Qb5 39. Qxg5 Rd5 40. Qe7 {[%emt 0:00:00] Hoping for Bd6.} Qd3 41. Rf1 {[%emt 0:00:00] Prevents Qd1.} Qg6 42. Be3 {[%emt 0:00:22] And now Bf4 would win.} Qf5 {[%emt 0:00:57] Against Bf4} 43. g3 Rd7 44. Qh4 Nd5 {[%emt 0:00:46] [#]} 45. Bc5 $1 Qf3 46. Bd4 $2 ({Better is} 46. h3 $18) 46... Nf4 $1 $11 {[%emt 0:04:49] The position is equal.} 47. gxf4 Rxd4 {[%emt 0:00:00] KQR-KQR} 48. Qe7+ Kc8 49. Qf8+ Rd8 50. Qf5+ Kc7 {[%emt 0:00:00] ...Rg8+ is the strong threat.} 51. Qa5+ Kb7 52. Qxd8 {[%emt 0:01:15] Intending Qd7+ and mate.} Qg4+ {[%emt 0:00:28] White really could win this.  Weighted Error Value: White=0.36/Black=0.46} 1/2-1/2

[Event "67th Mexican-ch Open 2022"]
[Site "Chihuahua"]
[Date "2022.04.17"]
[Round "8.19"]
[White "Palma Villanueva, Miguel Ta"]
[Black "Davalos Prieto, Abel Justo"]
[Result "1/2-1/2"]
[ECO "B31"]
[WhiteElo "2210"]
[BlackElo "2103"]
[Annotator "TA"]
[PlyCount "141"]
[EventDate "2022.04.12"]
[EventType "swiss"]
[EventCountry "MEX"]
[SourceTitle "playchess.com"]
[Source "ChessBase"]
[SourceQuality "1"]
[TimeControl "5400+30"]

1. e4 c5 2. Nf3 Nc6 3. Bb5 g6 4. O-O Bg7 5. c3 Nf6 6. Re1 O-O 7. d4 cxd4 8. cxd4 a6 9. Bf1 d6 10. h3 Bd7 11. Nc3 b5 {[%emt 0:07:14][%cal Bb7b5,Bb5b4][%mdl 32] B31: Sicilian: 2...Nc6 3 Bb5 g6.} 12. Bg5 h6 {[%emt 0:01:14] [#]} 13. Bd2 $146 ({Predecessor:} 13. Bh4 b4 14. Nd5 g5 15. Nxf6+ Bxf6 16. Bg3 Bg7 17. e5 dxe5 18. d5 Nd4 19. Bxe5 Nxf3+ 20. Qxf3 {1-0 (34) Polacik,I (2199)-Veselsky,J (2118) Slovakia 2011}) 13... Kh7 (13... e5 $11) 14. Bd3 (14. e5 $16 Ne8 15. a4) 14... Ne8 15. Be3 e6 16. e5 b4 17. Na4 (17. Ne4 {looks sharper.} dxe5 18. dxe5 Nxe5 19. Nxe5 Bxe5 20. Nc5) 17... dxe5 18. dxe5 Nxe5 19. Nxe5 Bxa4 20. Qxa4 Bxe5 {[%emt 0:00:13] [#]} 21. Qxb4 $1 Bg7 (21... Rh8 22. Qd2) 22. Rad1 Qb8 23. Qxb8 {[%emt 0:06:32] &Bianco is much more active. The black rooks are badly placed.} (23. Qh4 {keeps more tension.} Nf6 24. Bd4 Qd8 25. Bc5) 23... Rxb8 24. b3 Bc3 ({Black should try} 24... Nf6 $1 $14) 25. Re2 $16 ({Inferior is} 25. Bxa6 Bxe1 26. Rxe1 Ra8 $17) 25... a5 26. Rc2 Bb4 27. Ba7 {[%emt 0:01:06] This bishop pair is nice.} (27. Bf4 $16 Bd6 28. Bxd6 Nxd6 29. Bxg6+ $1 Kxg6 30. Rxd6) 27... Ra8 $14 28. Bc5 Bxc5 29. Rxc5 Nf6 {[%emt 0:00:14] Inhibits Be4.} 30. a4 Rfc8 31. Rdc1 Rxc5 32. Rxc5 $11 {[%emt 0:00:01][%mdl 4096] Endgame KRB-KRN} Ra7 33. Kf1 Kg7 34. Ke2 Nd7 35. Rb5 h5 36. Ke3 Kf6 37. Ke4 Ke7 38. g4 hxg4 39. hxg4 Kd6 40. g5 Nc5+ 41. Kd4 e5+ 42. Kc3 Ne6 43. Bc4 Nxg5 44. Rd5+ Ke7 45. Rxe5+ Kf6 46. Re3 Rb7 {[%emt 0:02:03] Against b4} 47. f4 Nh7 48. Re5 Ra7 49. Rb5 Ke7 $2 (49... Nf8 $1 $14) 50. Kd4 $1 $18 Kd6 51. Rb6+ $1 Ke7 52. Kc5 $1 Nf6 {[%emt 0:00:06] ...Nd7+ is the strong threat.} 53. Rc6 Nh5 $2 (53... Nd7+ 54. Kb5 f6 55. Re6+ Kd8) 54. Kb6 Rd7 55. Kxa5 Nxf4 56. Kb6 $1 g5 57. Rc8 $2 (57. Rc5 $16) 57... g4 $1 $11 58. Rg8 {[%emt 0:01:11] Hoping for a5.} Ng6 59. Bf1 g3 60. a5 {[%emt 0:00:08] And now a6 would win.} Rd1 61. Bg2 {[%emt 0:00:22] aiming for a6.} Rd2 62. a6 $2 Rxg2 $19 {[%emt 0:00:07] KRN-KR} 63. a7 Ra2 64. a8=Q Rxa8 65. Rxa8 {[%emt 0:00:04] KR-KN} g2 66. Ra1 {[%emt 0:00:03] [#]} Nh4 $1 67. Kc7 f5 $2 (67... Nf3 $19 {has better winning chances.} 68. b4 g1=Q 69. Rxg1 Nxg1) 68. b4 $17 {[%emt 0:00:43] [#] Black is clearly better.} f4 $1 {[%emt 0:00:13][%cal Bf5f4,Bf4f3,Bf3f2][%mdl 1056] Black has strong compensation.} (68... Nf3 $2 69. b5 Nd4 70. b6 Nb5+ 71. Kc6 Nd4+ 72. Kc7 Nb5+ 73. Kc6 Nd4+ 74. Kd5 $18) 69. b5 f3 {[%emt 0:03:02] ( -> ...f2)} (69... Nf3 $2 70. b6 g1=Q 71. Rxg1 Nxg1 72. b7 $18) 70. b6 f2 71. b7 {[%emt 0:03:10] What a bad dream for White.  Weighted Error Value: White=0.10 (very precise) /Black=0.20 (precise)} 1/2-1/2

[Event "67th Mexican-ch Open 2022"]
[Site "Chihuahua"]
[Date "2022.04.17"]
[Round "8.20"]
[White "Cruz Gomez, Miguel Angel"]
[Black "Paredes Guzman, Francisco Javier"]
[Result "0-1"]
[ECO "B13"]
[WhiteElo "2028"]
[BlackElo "1891"]
[Annotator "TA"]
[PlyCount "126"]
[EventDate "2022.04.12"]
[EventType "swiss"]
[EventCountry "MEX"]
[SourceTitle "playchess.com"]
[Source "ChessBase"]
[SourceQuality "1"]
[TimeControl "5400+30"]

1. d4 Nf6 2. Bf4 d5 3. e3 c5 4. Nf3 Nc6 5. Nbd2 cxd4 6. exd4 g6 7. Be2 Bg7 8. c3 O-O 9. O-O Nh5 {[%emt 0:02:26] 9...Bf5 is more advanced technology. B13: Caro-Kann: Exchange Variation and Panov-Botvinnik Attack.} 10. Bg5 Qd6 11. Ne1 Nf4 {[%emt 0:06:38] The position is equal.} 12. Bxf4 Qxf4 13. Nd3 {[%emt 0:00:07] [#]} Qd6 $146 ({Predecessor:} 13... Qc7 14. Re1 Bf5 15. Bf1 Rfd8 16. Nf3 Na5 17. Nh4 Bd7 18. Nc5 Be8 19. Nf3 b6 {0-1 (47) Simutowe,M (2157)-Phiri,R (2235) Livingstone 2017}) 14. f4 f6 15. Nf3 Be6 16. Qe1 Bf7 17. Rd1 Rac8 18. Qg3 Na5 19. Nd2 Kh8 20. Bg4 e6 21. Rde1 Rce8 22. Re2 Re7 23. Rfe1 Rfe8 24. Nf3 b6 25. Qh4 Qd7 (25... h6 $11 {should be considered.}) 26. Bh3 $14 Nc4 27. g4 Nd6 28. Nf2 (28. g5 {is more complex.} f5 29. Nfe5 Qb7 30. Bg2) 28... Qb7 29. Bg2 a5 30. Qg3 Qc7 31. Nd2 a4 32. a3 b5 (32... e5 $11) 33. Nd3 Nc4 34. Nf3 Qd6 (34... Nd6 $14) 35. g5 $16 f5 36. Nfe5 Nxe5 37. Nxe5 Bxe5 38. Rxe5 Kg7 39. Qh4 Qd7 $2 (39... Rc7 $16 40. Bxd5 Kh8) 40. Qh6+ $18 Kg8 {[%emt 0:00:28] [#]} 41. R1e3 $1 {[%emt 0:00:12] White wants to mate with Rh3.} Kh8 42. Rh3 Bg8 43. Qxg6 b4 44. axb4 a3 (44... Rf8 {was necessary.} 45. Qh6 Rg7) 45. bxa3 Qa4 46. Qh5 {[%emt 0:00:35] Against Qd1+} Qxa3 47. Rhe3 Qc1+ (47... Rc8 {was worth a try.}) 48. Bf1 Rc8 49. Qh3 Rec7 50. c4 ({Resist} 50. Qh6 $6 Rg7) (50. g6 $18) 50... dxc4 $14 51. d5 c3 52. dxe6 c2 53. Qxf5 {[%emt 0:01:05][%cal Oe3c3] Black must now prevent Rc3!} Qxe3+ 54. Rxe3 {[%emt 0:01:40] Intending e7 and mate.} c1=Q {[%emt 0:00:07] Chess con chili.} 55. Qe5+ Rg7 56. h4 $40 {[%emt 0:01:44][%mdl 128] aiming for f5. Black needs to defend precisely.} Qd1 {[%emt 0:00:53] [#]} (56... Rd8 $11 57. Re1 Qd2) 57. f5 $1 $16 {[%emt 0:00:23][%cal Bf4f5,Bf5f6][%mdl 32] Hoping for f6.} Qg4+ $2 (57... Rc1 $16 {keeps fighting.} 58. Qf4 Qd2) 58. Rg3 $18 Qxb4 {[%emt 0:01:38] Threatens to win with ...Rc5.} 59. f6 Qb6+ $2 (59... Rf7 60. e7 Qd2) 60. Re3 Rf7 61. exf7 Bxf7 {[%emt 0:00:05] And now ...Re8 would win.} 62. Qe7 (62. Kg2 $18) 62... Re8 $11 63. Qxe8+ (63. Qxf7 $11 Qxe3+ 64. Kg2 (64. Kh1 Qf3+ 65. Kg1 Qg3+ 66. Kh1 Qxh4+ 67. Kg1 Qxg5+ 68. Kh1 Qh6+ 69. Kg1 Qe3+ 70. Kh1 Qf3+ 71. Kg1 Qg3+ 72. Kh1 Rg8) 64... Qe4+ 65. Kg3 Qe3+ 66. Kg2 Qe4+ 67. Kg3 Qe3+ 68. Kg2) 63... Bxe8 {[%emt 0:00:09] A wild game.  Weighted Error Value: White=0.42/Black=0.29 (precise)} 0-1

[Event "67th Mexican-ch Open 2022"]
[Site "Chihuahua"]
[Date "2022.04.17"]
[Round "8.21"]
[White "Gonzalez Cruz, Ian Josue"]
[Black "Tapie Amione, Pablo Adib"]
[Result "0-1"]
[ECO "E32"]
[WhiteElo "1814"]
[BlackElo "2241"]
[Annotator "TA"]
[PlyCount "36"]
[EventDate "2022.04.12"]
[EventType "swiss"]
[EventCountry "MEX"]
[SourceTitle "playchess.com"]
[Source "ChessBase"]
[SourceQuality "1"]
[TimeControl "5400+30"]

1. d4 Nf6 2. c4 e6 3. Nc3 Bb4 4. Qc2 O-O 5. e4 d6 6. Nf3 {[%emt 0:00:33] E32: Nimzo-Indian: Classical (4 Qc2): 4...0-0.} Nc6 7. Bg5 ({White should try} 7. Bd3 $14) 7... e5 $11 8. dxe5 {[%emt 0:10:32] Black has an edge.} dxe5 9. Rd1 Qe7 10. a3 Bxc3+ 11. Qxc3 {[%emt 0:00:07] [#]} h6 $146 ({Predecessor:} 11... Bg4 12. h3 Bh5 13. g4 Bg6 14. Bd3 Qe6 15. Qc2 Rad8 16. O-O h6 17. Bh4 Rd7 {0-1 (27) Timofeev,A (2574)-Fedoseev,V (2704) Chess.com INT 2022}) 12. Bxf6 Qxf6 13. Be2 Bg4 14. O-O Bxf3 15. Bxf3 Nd4 16. Rd3 a5 17. g3 Ra6 {[%emt 0:00:32] &Nero is more active.} 18. Bg2 $2 {[%emt 0:00:31][%mdl 8192] [#]} (18. Re3 $17) 18... Ne2+ {[%emt 1:19:32] White did not feel at home in the position after the opening.  Weighted Error Value: White=0.81/Black=0.11 (very precise)} 0-1